 Dungeon Crawl Stone Soup version 0.30.1-3-gfc49f6343a (webtiles) character file.

Game seed: 2912069984352512849

7 CaptainMV the Shooter (level 1, -1/13 HPs)
             Began as a Demonspawn Wanderer on July 27, 2023.
             Slain by a ball python (3 damage)
             ... on level 1 of the Dungeon.
             The game lasted 00:02:32 (159 turns).

CaptainMV the Shooter (Demonspawn Wanderer)          Turns: 159, Time: 00:02:33

Health: -1/13      AC:  4    Str: 10    XL:     1   Next: 91%
Magic:  2/2        EV:  9    Int:  9    God:
Gold:   12         SH:  0    Dex: 18    Spells: 2/2 levels left

rFire   . . .        b - +0 short sword
rCold   . . .        (no shield)
rNeg    . . .        e - +0 leather armour
rPois   .            (no helmet)
rElec   .            (no cloak)
rCorr   .            c - +0 pair of gloves
SInv    .            (no boots)
Will    .....        (no amulet)
Stlth   ++           (no ring)
HPRegen 0.22/turn    (no ring)
MPRegen 0.08/turn

%: no passive effects
@: constricted
A: no striking features
a: no special abilities


You were on level 1 of the Dungeon.
You visited 1 branch of the dungeon, and saw 1 of its levels.

You collected 12 gold pieces.

Inventory:

Hand Weapons
 a - a +2 sling
 b - a +0 short sword (weapon)
Armour
 c - a +0 pair of gloves (worn)
 e - a +0 leather armour (worn)
Jewellery
 f - a ring of protection from fire
Scrolls
 h - a scroll of fog {unknown}
 i - a scroll of teleportation
Potions
 d - a potion of heal wounds
 g - a potion of attraction {unknown}


   Skills:
 + Level 3.1 Ranged Weapons
 + Level 1.0 Throwing
 + Level 1.0 Armour
 + Level 1.9 Dodging
 + Level 1.0 Stealth
 + Level 1.0 Spellcasting
 + Level 1.0 Evocations


You had 2 spell levels left.
You didn't know any spells.
Your spell library was empty.

Dungeon Overview and Level Annotations

Branches:
Dungeon (1/15)

Altars:


Message History

A ball python comes into view.
There is an open door here.
b - a +0 short sword (weapon)
The ball python misses you. The ball python grabs you.
The ball python constricts you.
You barely miss the ball python. The ball python bites you.
The ball python constricts you.
The ball python hisses angrily.
You hit the ball python but do no damage.
You hear an angry hiss.
The ball python bites you. The ball python constricts you.
You hit the ball python.
The ball python is moderately wounded.
A frilled lizard comes into view.
The ball python bites you but does no damage.
The ball python constricts you.
You closely miss the ball python.
The ball python is moderately wounded.
The ball python loses its grip on you.
You barely miss the ball python. The ball python barely misses you.
The ball python grabs you. The ball python constricts you.
The ball python bites you but does no damage. x2
The ball python constricts you.
You closely miss the ball python. The ball python closely misses you.
The ball python bites you but does no damage.
The ball python constricts you.
You barely miss the ball python. The ball python closely misses you.
The ball python bites you. The ball python constricts you.
You barely miss the ball python. The ball python bites you. x2
The ball python constricts you.
You closely miss the ball python. The ball python bites you.
The ball python bites you but does no damage.
The ball python constricts you. The ball python bites you.
* * * LOW HITPOINT WARNING * * *
You hit the ball python.
The ball python is moderately wounded.
The ball python closely misses you. The ball python constricts you.
* * * LOW HITPOINT WARNING * * *
The ball python bites you.
You die...

.........
#.#######..#..#.## #
...⌠..... #.
#.....#.# # .........
# ###.###.#.# #
.......## ...).
..#.####### .......#
#.### #.##.....
##...### #.#
#.##.#### ...#
######.#######....#
...#
#....#............#
+##
#..lS@..>.........#
[.....S##...........#
###.... #...........#
#.... #...........#
#.... #...........#
#.... #...........#
#.... #...........#
..... .....[......#
...##..#####.#


You could see 2 ball pythons and a frilled lizard.

Vanquished Creatures
  An endoplasm (D:1)
  2 hobgoblins (D:1)
  2 ball pythons (D:1)
  A bat (D:1)
  2 rats (D:1)
8 creatures vanquished.

Notes
Turn   | Place    | Note
-------+----------+-------------------------------------------
     0 | D:1      | CaptainMV the Demonspawn Wanderer began the quest for the
                  | Orb.
     0 | D:1      | CaptainMV set off with the following items: a +2 sling, a
                  | scroll of teleportation, a +0 pair of gloves, a potion of
                  | heal wounds, a +0 leather armour.
     0 | D:1      | Reached XP level 1. HP: 13/13 MP: 2/2
    87 | D:1      | Reached skill level 3 in Ranged Weapons
   159 | D:1      | Slain by a ball python

Illustrated notes

Levels and vault maps discovered:
D:1:      minmay_arrival_cross, layout_basic, minmay_split_cup_large

Skill      XL: |  1 |
---------------+----+-----
Ranged Weapons | 3 |  3.1
Throwing       | |  1.0
Armour         | |  1.0
Dodging        | |  1.9
Stealth        | |  1.0
Spellcasting   | |  1.0
Evocations     | |  1.0

Action                     || total
---------------------------++-------
  Melee: Short sword       ||    10
   Fire: Sling             ||    25
    Use: Scroll            ||     1
 Armour: Leather armour    ||     7
  Dodge: Dodged            ||    19
